 Dungeon Sprint DCSS version 0.31-a0-986-g5e6e4ef867 (webtiles) character file.

Game seed: 13827006664977908602

20094 sircluck the Brawler (level 12, -14/154 HPs)
             Began as a Troll Berserker on Nov 13, 2023.
             Was the Champion of Trog.
             Killed from afar by a fire giant (28 damage)
             ... with a bolt of fire
             ... in the Dungeon (Sprint IX: "|||||||||||||||||||||||||||||").
             The game lasted 00:05:40 (1628 turns).

sircluck the Brawler (Troll Berserker)              Turns: 1628, Time: 00:05:41

Health: -14/154    AC:  8    Str: 32    XL:     12   Next: 42%
Magic:  11/11      EV: 15    Int:  3    God:    Trog [******]
Gold:   1480       SH:  0    Dex:  9    Spells: 11/11 levels left

rFire   . .          .
                       - Unarmed
rCold   x . .        (no shield)
rNeg    . . .        l - +0 troll leather armour
rPois   .            (helmet restricted)
rElec   .            m - +0 cloak
rCorr   .            (gloves unavailable)
SInv    .            (boots unavailable)
Will    .....        t - amulet of regeneration
Stlth   +            k - +2 ring of evasion
HPRegen 2.85/turn    (no ring)
MPRegen 0.12/turn

%: no teleportation, random rage (3%)
@: no status effects
A: large, unfitting armour, claws 3, regeneration 1, shaggy fur 1, tough skin 1,
antennae 1, berserk 1, robust 1, cold vulnerability 1
a: Renounce Religion, Berserk, Trog's Hand, Brothers in Arms


You were in the Dungeon.
You worshipped Trog.
Trog was exalted by your worship.
You visited 1 branch You collected 1936 gold pieces.
You spent 456 gold pieces at shops.

Inventory:

Armour
 a - a +0 animal skin
 l - a +0 troll leather armour (worn)
 m - a +0 cloak (worn)
 y - a +1 tower shield
 z - +1 fire dragon scales
 A - +2 ice dragon scales
Jewellery
 j - a +3 ring of intelligence
 k - a +2 ring of evasion (left claw)
 t - an amulet of regeneration (around neck)
 u - a ring of positive energy
 v - a ring of ice
 w - a ring of fire
 x - a ring of willpower
Wands
 i - a wand of iceblast (10)
Scrolls
 g - 3 scrolls of blinking
 o - 2 scrolls of fog
 p - 3 scrolls of identify
 q - 4 scrolls of enchant weapon
 C - 3 scrolls of fear
Potions
 b - a potion of invisibility
 c - 4 potions of heal wounds
 d - 2 potions of haste
 e - 4 potions of magic
 f - 2 potions of berserk rage
 h - 4 potions of curing
 n - a potion of might
 B - a potion of resistance
Miscellaneous
 r - a phial of floods


   Skills:
 + Level 14.5 Fighting
 + Level 12.3 Armour
 + Level 14.5 Dodging
 + Level 4.0 Shields
 + Level 17.0 Unarmed Combat


You had 11 spell levels left.
You didn't know any spells.
Your spell library was empty.

Dungeon Overview and Level Annotations

Branches:
Dungeon (1/1)

Altars:
Cheibriados
Dithmenos
Elyvilon
Fedhas
Gozag
Hepliaklqana
Kikubaaqudgha
Makhleb
Nemelex Xobeh
Okawaru
Qazlal
Ru
Sif Muna
Trog
Uskayaw
Vehumet
Wu Jian
Xom
Yredelemnul
Zin
The Shining One
Jiyva
Lugonu

Shops:
D :!(=


Innate Abilities, Weirdness & Mutations

You are too large for most types of armour.
You have claws for hands.
Your natural rate of healing is unusually fast.
You are covered in fur. (AC +1)
You have tough skin. (AC +1)
You have a pair of small antennae on your head.
You sometimes lose your temper in combat.
You are robust. (+10% HP)
You are vulnerable to cold. (rC-)


Message History

The stone giant is moderately wounded.
You completely miss the stone giant.
The stone giant is moderately wounded.
The stone giant hits you but does no damage.
You mangle the stone giant!!
The stone giant is severely wounded.
The stone giant hits you!!
You claw the stone giant!
The stone giant is almost dead.
The stone giant completely misses you.
You mangle the stone giant!!
You kill the stone giant!
Trog accepts your kill.
Your Shields skill increases to level 4!
Your Unarmed Combat skill increases to level 17!
The fire giant hits you with a +0 great sword of flaming!
The fire giant burns you.
Things that are here:
4 large rocks; a stone giant corpse You scratch the fire giant.
Your claw misses the fire giant.
The fire giant is lightly wounded.
The fire giant hits you with a +0 great sword of flaming!!!
The fire giant burns you!
* * * LOW HITPOINT WARNING * * *
Your cyclops rages.
You eviscerate the fire giant!!!
The fire giant is severely wounded.
The fire giant hits you with a +0 great sword of flaming!!!
* * * LOW HITPOINT WARNING * * *
The fire giant burns you.
* * * LOW HITPOINT WARNING * * *
You claw the fire giant!
The fire giant is severely wounded.
You completely miss the fire giant.
The fire giant is severely wounded.
The fire giant closely misses you.
You swap places.
The fire giant casts a spell at you. The bolt of fire hits your cyclops!!
The bolt of fire hits you!!
You die...

▓_▓.▓†▓.▓.▓.▓.▓
▓_▓.▓.▓.▓.▓.▓.▓
▓_▓.▓.▓.▓.▓.▓.▓
▓_▓.▓.▓.▓)▓.▓.▓
▓_▓.▓†▓.▓)▓.▓.▓
▓'▓.▓'▓.▓)▓.▓.▓
▓.▓.▓.▓.▓)▓.▓'▓
▓?▓.▓.▓.▓)▓.▓(▓
▓)▓.▓.▓.▓.▓.▓@▓
▓.▓.▓.▓.▓.▓.▓C▓
▓.▓.▓.▓.▓∩▓.▓C▓{
▓[▓.▓.▓.▓.▓.▓C▓
▓[▓.▓.▓.▓∩▓.▓D▓
▓.▓.▓.▓.▓)▓.▓.▓
▓.▓.▓†▓.▓∩▓.▓.▓
▓)▓.▓.▓.▓.▓.▓.▓
▓†▓.▓.▓.▓∩▓.▓.▓


You could see a fire giant (ally target), a fire dragon, a stone giant and a
friendly cyclops (summoned, berserk).

Vanquished Creatures
  A stone giant (D)
  2 dire elephants (D)
  Erolcha (D)
  A deep troll earth mage (D)
  Sonja (D)
  An orc knight (D)
  8 orc sorcerers (D)
  2 cyclopes (D)
  A black mamba (D)
  A torpor snail (D)
  6 elephants (D)
  2 cane toads (D)
  Psyche (D)
  2 komodo dragons (D)
  A freezing wraith (D)
  2 trolls (D)
  A polar bear (D)
  2 slime creatures (D)
  A wyvern (D)
  A vampire (D)
  3 acid dragons (D)
  A water moccasin (D)
  11 orc warriors (D)
  A gnoll sergeant (D)
  A wight (D)
  A howler monkey (D)
  A hound (D)
  4 orc priests (D)
  10 orc wizards (D)
  An adder (D)
  A gnoll (D)
  An ufetubus (D)
  6 orcs (D)
  A goblin (D)
  A kobold (D)
  A bat (D)
  A frilled lizard (D)
84 creatures vanquished.

Vanquished Creatures (collateral kills)
  An ogre mage (D)
  A centaur warrior (D)
  2 death yaks (D)
  A cyclops (D)
  A black mamba (D)
  3 cane toads (D)
  2 komodo dragons (D)
  A slime creature (D)
  A black bear (D)
  2 bullfrogs (D)
15 creatures vanquished.

Grand Total: 99 creatures vanquished

Notes
Turn   | Place    | Note
-------+----------+-------------------------------------------
     0 | D        | sircluck the Troll Berserker began the quest for the Orb.
     0 | D        | Reached XP level 1. HP: 22/22 MP: 0/0
     8 | D        | Reached XP level 2. HP: 31/31 MP: 1/1
    10 | D        | Reached ** piety under Trog
    12 | D        | Reached skill level 4 in Unarmed Combat
    18 | D        | Noticed a water moccasin
    24 | D        | Killed a water moccasin
    25 | D        | Reached skill level 5 in Fighting
    25 | D        | Reached skill level 5 in Dodging
    25 | D        | Reached skill level 6 in Unarmed Combat
    25 | D        | Reached XP level 3. HP: 27/42 MP: 2/2
    25 | D        | Reached XP level 4. HP: 32/50 MP: 3/3
    25 | D        | Reached *** piety under Trog
    31 | D        | Reached XP level 5. HP: 14/58 MP: 4/4
    95 | D        | Found a snail-covered altar of Cheibriados.
    95 | D        | Found a shadowy altar of Dithmenos.
    95 | D        | Found a white marble altar of Elyvilon.
    95 | D        | Found a blossoming altar of Fedhas.
    95 | D        | Found an opulent altar of Gozag.
    96 | D        | Found a hazy altar of Hepliaklqana.
    97 | D        | Found a viscous altar of Jiyva.
    98 | D        | Found an ancient bone altar of Kikubaaqudgha.
    99 | D        | Found a corrupted altar of Lugonu.
   100 | D        | Found a burning altar of Makhleb.
   101 | D        | Found a sparkling altar of Nemelex Xobeh.
   102 | D        | Found an iron altar of Okawaru.
   103 | D        | Found a stormy altar of Qazlal.
   104 | D        | Found a sacrificial altar of Ru.
   105 | D        | Found a shimmering blue altar of Sif Muna.
   106 | D        | Found a bloodstained altar of Trog.
   107 | D        | Found a hide-covered altar of Uskayaw.
   108 | D        | Found a radiant altar of Vehumet.
   109 | D        | Found an ornate altar of the Wu Jian Council.
   110 | D        | Found a shimmering altar of Xom.
   111 | D        | Found a basalt altar of Yredelemnul.
   112 | D        | Found a glowing silver altar of Zin.
   113 | D        | Found a glowing golden altar of the Shining One.
   121 | D        | Found the +3 giant club "Skullcrusher" {speed, Str+7}
   137 | D        | Noticed a vampire
   137 | D        | Noticed a troll
   137 | D        | Noticed an acid dragon
   137 | D        | Noticed a troll
   143 | D        | Killed a vampire
   143 | D        | Reached **** piety under Trog
   144 | D        | Reached skill level 8 in Unarmed Combat
   144 | D        | Reached XP level 6. HP: 68/68 MP: 5/5
   150 | D        | Killed a troll
   151 | D        | Reached skill level 9 in Unarmed Combat
   151 | D        | Reached XP level 7. HP: 60/80 MP: 6/6
   155 | D        | Reached skill level 1 in Armour
   157 | D        | Killed a troll
   157 | D        | Reached ***** piety under Trog
   158 | D        | Reached skill level 10 in Unarmed Combat
   209 | D        | Noticed a komodo dragon
   209 | D        | Noticed a slime creature
   226 | D        | Killed a slime creature
   227 | D        | Reached XP level 8. HP: 64/91 MP: 7/7
   245 | D        | Killed a komodo dragon
   256 | D        | Reached skill level 11 in Unarmed Combat
   262 | D        | Identified the +8 falchion "Utif" {heavy, +Blink} (Trog
                  | gifted it to you in the Dungeon)
   262 | D        | Received a gift from Trog
   423 | D        | Noticed a cane toad
   423 | D        | Noticed a komodo dragon
   423 | D        | Noticed a komodo dragon
   423 | D        | Noticed a cane toad
   425 | D        | Noticed a black mamba
   432 | D        | Killed a cane toad
   433 | D        | Reached skill level 5 in Armour
   433 | D        | Killed a komodo dragon
   434 | D        | Reached skill level 10 in Fighting
   434 | D        | Reached XP level 9. HP: 32/101 MP: 8/8
   435 | D        | Reached skill level 10 in Dodging
   438 | D        | Killed a komodo dragon
   439 | D        | Reached skill level 12 in Unarmed Combat
   440 | D        | Killed a cane toad
   440 | D        | Noticed a cane toad
   442 | D        | Killed a black mamba
   443 | D        | Received a gift from Trog
   445 | D        | Killed a cane toad
   474 | D        | Noticed a death yak
   474 | D        | Noticed a cane toad
   474 | D        | Noticed a death yak
   474 | D        | Noticed a torpor snail
   474 | D        | Noticed a black mamba
   478 | D        | Killed a death yak
   479 | D        | Reached skill level 13 in Unarmed Combat
   479 | D        | Reached XP level 10. HP: 113/113 MP: 9/9
   480 | D        | Killed a death yak
   481 | D        | Noticed a cane toad
   484 | D        | Killed a cane toad
   492 | D        | Killed a torpor snail
   496 | D        | Killed a black mamba
   498 | D        | Killed a cane toad
   498 | D        | Received a gift from Trog
   504 | D        | Reached skill level 14 in Unarmed Combat
   523 | D        | Noticed a dire elephant
   523 | D        | Noticed an elephant
   523 | D        | Noticed an elephant
   523 | D        | Noticed an elephant
   523 | D        | Noticed an elephant
   523 | D        | Noticed a dire elephant
   531 | D        | Killed a dire elephant
   540 | D        | Killed an elephant
   552 | D        | Killed a dire elephant
   553 | D        | Reached XP level 11. HP: 33/124 MP: 10/10
   559 | D        | Received a gift from Trog
   566 | D        | Reached skill level 10 in Armour
   591 | D        | Reached skill level 15 in Unarmed Combat
   682 | D        | Noticed Sonja
   704 | D        | Killed Sonja
   835 | D        | Reached ****** piety under Trog
   839 | D        | Received a gift from Trog
   900 | D        | Received a gift from Trog
   908 | D        | Noticed an orc sorcerer
   916 | D        | Noticed an orc knight
   920 | D        | Received a gift from Trog
   929 | D        | Killed an orc sorcerer
   935 | D        | Killed an orc knight
   972 | D        | Found Ziobugie's Book Emporium.
   972 | D        | Noticed an orc sorcerer
   972 | D        | Noticed an orc sorcerer
   972 | D        | Noticed an orc sorcerer
   972 | D        | Noticed an orc sorcerer
   974 | D        | Killed an orc sorcerer
   974 | D        | Received a gift from Trog
   974 | D        | Paralysed by an orc sorcerer for 3 turns
   974 | D        | Noticed an orc sorcerer
   981 | D        | Killed an orc sorcerer
   984 | D        | Killed an orc sorcerer
   985 | D        | Paralysed by an orc sorcerer for 3 turns
   992 | D        | Killed an orc sorcerer
   993 | D        | Reached skill level 16 in Unarmed Combat
   996 | D        | Killed an orc sorcerer
   996 | D        | Received a gift from Trog
   997 | D        | Found Suylemil's Distillery.
  1002 | D        | Found Adiczog's Antique Weapon Emporium.
  1003 | D        | Noticed an orc sorcerer
  1009 | D        | Noticed a soul eater
  1015 | D        | Received a gift from Trog
  1018 | D        | Killed an orc sorcerer
  1038 | D        | Found Tecix's Jewellery Shoppe.
  1042 | D        | Noticed an orc sorcerer
  1058 | D        | Killed an orc sorcerer
  1058 | D        | Received a gift from Trog
  1076 | D        | Bought an amulet of regeneration for 360 gold pieces
  1139 | D        | Noticed Psyche
  1143 | D        | Killed Psyche
  1144 | D        | Reached XP level 12. HP: 139/139 MP: 11/11
  1193 | D        | Noticed Erolcha
  1202 | D        | Killed Erolcha
  1202 | D        | Received a gift from Trog
  1282 | D        | Gained mutation: Your muscles are strong. (Str +4, Int/Dex
                  | -1) [potion of mutation]
  1282 | D        | Lost mutation: Your muscles are strong. (Str +4, Int/Dex
                  | -1) [potion of mutation]
  1282 | D        | Gained mutation: You are resistant to electric shocks.
                  | (rElec) [potion of mutation]
  1283 | D        | Lost mutation: You are resistant to electric shocks.
                  | (rElec) [potion of mutation]
  1283 | D        | Gained mutation: You are clumsy. (Dex -2) [potion of
                  | mutation]
  1283 | D        | Gained mutation: You are weak. (Str -2) [potion of
                  | mutation]
  1411 | D        | Bought a potion of mutation for 96 gold pieces
  1411 | D        | Lost mutation: You are weak. (Str -2) [potion of mutation]
  1411 | D        | Lost mutation: You are clumsy. (Dex -2) [potion of
                  | mutation]
  1411 | D        | Gained mutation: You sometimes lose your temper in combat.
                  | [potion of mutation]
  1411 | D        | Gained mutation: You are robust. (+10% HP) [potion of
                  | mutation]
  1411 | D        | Gained mutation: You are vulnerable to cold. (rC-) [potion
                  | of mutation]
  1411 | D        | Gained mutation: You have a pair of small antennae on your
                  | head. [potion of mutation]
  1590 | D        | Noticed an ogre mage
  1590 | D        | Noticed a centaur warrior
  1594 | D        | Killed an ogre mage
  1595 | D        | Reached skill level 1 in Shields
  1596 | D        | Killed a centaur warrior
  1601 | D        | Noticed a deep troll earth mage
  1602 | D        | Noticed a stone giant
  1605 | D        | Noticed a fire dragon
  1610 | D        | Noticed a fire giant
  1616 | D        | Killed a deep troll earth mage
  1616 | D        | Received a gift from Trog
  1616 | D        | Noticed a stone giant
  1622 | D        | Killed a stone giant
  1623 | D        | Reached skill level 17 in Unarmed Combat
  1625 | D        | HP: 7/154 [fire giant/+0 great sword of flaming (3)]
  1628 | D        | Killed from afar by a fire giant

Illustrated notes

Levels and vault maps discovered:
D:        linesprint [early_d, line_temple, items_1, d_10, items_2, lair_1,
          lair_end, items_3, orc_1, orc_end, items_4, d_15, swamp_1, shoals_1,
          snake_1, spider_1, d_20, vaults_1, items_5, swamp_end, shoals_end,
          snake_end, spider_end, vaults_end, d_27, items_6, zot_1, zot_end,
          crypt_end, forest_end, elf_end, slime_end, tomb_end, abyss_end,
          pan_hell_end]

Skill      XL: |  1  2  3  4  5  6  7  8  9 10 11 12 |
---------------+-------------------------------------+-----
Fighting       | 3 5 6 8 10 11 12 14 | 14.5
Dodging        | 3 5 6 7 8 9 11 12 13 14 | 14.5
Unarmed Combat | 6 8 9 10 11 13 14 16 17 | 17.0
Armour         | 3 5 7 9 11 12 | 12.3
Shields        | 4 |  4.0

Action                     |  1- 3 |  4- 6 |  7- 9 | 10-12 || total
---------------------------+-------+-------+-------+-------++-------
  Melee: Unarmed           |    12 |    26 |    43 |   199 ||   280
         Punch             |       |       |     2 |    14 ||    16
 Invoke: Berserk           |       |     1 |       |       ||     1
         Brothers in Arms  |       |       |     2 |     3 ||     5
    Use: Potion            |     2 |       |       |     3 ||     5
 Armour: Animal skin       |     7 |    20 |     7 |       ||    34
         Troll leather arm |       |       |    30 |    94 ||   124
  Dodge: Dodged            |     5 |    11 |    20 |    75 ||   111

Table legend: (Time is in decaauts)
 A = Elapsed time spent in this place.
 B = Non-inter-level travel time spent in this place.
 C = Inter-level travel time spent in this place.
 D = Time resting spent in this place.
 E = Time spent auto-exploring this place.
 F = Levels seen in this place.
 G = Mean time per level.
                   A        B        C        D        E       F      G
               +--------+--------+--------+--------+--------+-----+--------+
         Total |   1572 |   1445 |    127 |     84 |    395 |   1 | 1572.0 |
       Dungeon |   1572 |   1445 |    127 |     84 |    395 |   1 | 1572.0 |
               +--------+--------+--------+--------+--------+-----+--------+

Top non-repeatable levels by time:
       D: 1572 daAuts
